 Dungeon Crawl Stone Soup version 0.24.1-11-gbbbb2193e6 (webtiles) character file.

Game seed: 2888555787567776495, levelgen mode: deterministic

47 RaHiT the Ducker (level 3, 0/30 HPs)
             Began as a Spriggan Berserker on May 14, 2020.
             Was a Believer of Trog.
             Slain by a rat (3 damage)
             ... on level 1 of the Dungeon.
             The game lasted 00:06:46 (1030 turns).

RaHiT the Ducker (Spriggan Berserker)               Turns: 1030, Time: 00:06:46

Health: 0/30       AC:  2    Str: 18    XL:     3   Next: 48%
Magic:  4/4        EV: 21    Int:  8    God:    Trog [**....]
Gold:   128        SH:  0    Dex: 16    Spells: 2/2 levels left

rFire    . . .     SeeInvis +   f - -1 short sword (curse)
rCold    . . .     Gourm    .   (shield restricted)
rNeg     . . .     Faith    .   b - +0 animal skin
rPois    .         Spirit   .   (helmet restricted)
rElec    .         Reflect  .   (no cloak)
rCorr    .         Harm     .   (gloves unavailable)
MR       .....                  (boots unavailable)
Stlth    ..........             (no amulet)
HPRegen  0.10/turn              (no ring)
MPRegen  0.09/turn              (no ring)

@: berserking, very quick
A: very small, unfitting armour, see invisible, herbivore, speed 3, slow
metabolism 2
a: Berserk, Trog's Hand, Renounce Religion


You were on level 1 of the Dungeon.
You worshipped Trog.
Trog was pleased with you.
You were not hungry.

You visited 1 branch of the dungeon, and saw 2 of its levels.

You collected 128 gold pieces.

Inventory:

Hand Weapons
 a - a +0 spear
 f - a cursed -1 short sword (weapon)
Missiles
 j - 31 bolts
 k - 34 stones (quivered)
Armour
 b - a +0 animal skin (worn)
Scrolls
 h - a scroll of magic mapping
Potions
 d - 2 potions of curing
 e - a potion of lignification {unknown}
 g - a potion of berserk rage
 i - a potion of cancellation {unknown}
 l - a potion of haste {unknown}
Comestibles
 c - 3 rations


   Skills:
 - Level 3.0 Fighting
 - Level 2.1 Polearms
 + Level 0.3 Throwing
 * Level 5.9 Dodging


You had 2 spell levels left.
You didn't know any spells.
Your spell library was empty.

Dungeon Overview and Level Annotations

Branches:
Dungeon (2/15)

Altars:


Innate Abilities, Weirdness & Mutations

You are very small and have problems with some larger weapons.
You are too small for most types of armour.
You have supernaturally acute eyesight. (SInv)
You are a herbivore.
You cover ground extremely quickly.
You need to consume almost no food.


Message History

* * * LOW HITPOINT WARNING * * *
The rat bites you but does no damage.
Found 5 boomerangs, 6 stones and a green potion.
There is a stone staircase leading up here.
The kobold hits you with a +0 whip.
* * * LOW HITPOINT WARNING * * *
The rat completely misses you.
You climb upwards.
There is a stone staircase leading down here.
You hit the rat but do no damage. The rat closely misses you.
The kobold hits you but does no damage.
You closely miss the rat. The rat misses you.
The kobold hits you with a +0 whip.
* * * LOW HITPOINT WARNING * * *
You closely miss the rat. The rat closely misses you. The kobold misses you.
The rat bites you but does no damage. The kobold closely misses you.
A red film seems to cover your vision as you go berserk!
You feel yourself moving faster!
You feel mighty!
You feel a lot more hungry. The rat bites you.
You die... ..................#.....#####.## ##).###...#...##........'.#.÷..## ...>.....###..##.######÷#####...# ♣♣♣♣♣###..#.####.# ##.÷.#.'.... ....♣ #.#.## #)# #..#####.##.
PPP.♣

#.#.# #.#
#........##÷
≈≈P.♣ #.#.#
#.#
#..#.#.##.#.
8≈P.♣###.#.#
#r#
##...#.#....
≈≈P...##.#.#
#@#
#####.##.##
PPP♣♣....#.#
#K# #.##.#
...<♣###.#.#
#.# #.##.#
♣♣♣♣♣# #...#
#.# #.##.#
.#.#.# #.###
#.# #.##.##
.#.#.# #.#
#.# #......
...#.# #.#
#.# ####...
##.#.# #.#
#.# ####
#.#.###.#
#.#


You could see a kobold and a rat.

Vanquished Creatures
  2 oozes (D:1)
  2 giant cockroaches (D:1)
  3 goblins
  2 hobgoblins (D:1)
  A quokka (D:2)
  9 bats (D:1)
  3 frilled lizards (D:1)
  6 kobolds (D:1)
  12 rats (D:1)
40 creatures vanquished.

Notes
Turn   | Place    | Note
-------+----------+-------------------------------------------
     0 | D:1      | RaHiT the Spriggan Berserker began the quest for the Orb.
     0 | D:1      | Reached XP level 1. HP: 11/11 MP: 2/2
   125 | D:1      | Reached XP level 2. HP: 12/16 MP: 3/3
   209 | D:1      | Reached skill level 5 in Dodging
   414 | D:1      | Reached ** piety under Trog
   472 | D:1      | Reached XP level 3. HP: 14/20 MP: 4/4
  1030 | D:1      | Slain by a rat

Levels and vault maps discovered:
D:1:      tarquinn_simple_flora_water_a, layout_loops_ring,
          corexii_leaking_fountain, minmay_rat_gold_closets
D:2:      layout_rooms, nemelex_altar_shiori, nicolae_dithmenos_shadow_blocks,
          grunt_temple_overflow_open, nicolae_overflow_hidden_temple

Skill      XL: |  1  2 |
---------------+-------+-----
Dodging        | 5 |  5.9
Fighting       | 3 |  3.0
Polearms       | |  2.1
Throwing       | |  0.3

Action                   || total
-------------------------++-------
Melee: Spear             ||    17
       Short sword       ||   145
Throw: Stone             ||    62
Invok: Berserk           ||     1
  Use: Scroll            ||     3
 Stab: Sleeping          ||     1
Armor: Animal skin       ||    16
Dodge: Dodged            ||   158
